 Dungeon Crawl Stone Soup version 0.28.0-43-g3370ac3207 (webtiles) character file.

Game seed: 9321789684577301487

23 jjjjhere the Chopper (level 3, 0/33 HPs)
             Began as a Hill Orc Cinder Acolyte on Mar 5, 2022.
             Was a High Priest of Ignis.
             Succumbed to an adder's poison
             ... on level 2 of the Dungeon.
             The game lasted 00:00:47 (577 turns).

jjjjhere the Chopper (Hill Orc Cinder Acolyte)       Turns: 577, Time: 00:00:47

Health: 0/33       AC:  3    Str: 16    XL:     3   Next: 0%
Magic:  4/4        EV: 11    Int: 20    God:    Ignis [*****.]
Gold:   16         SH:  0    Dex:  8    Spells: 4/4 levels left

rFire   + . .      SeeInvis .   a - -1 hand axe (flame)
rCold   . . .      Faith    .   (no shield)
rNeg    . . .      Spirit   .   b - +0 robe
rPois   .          Reflect  .   (no helmet)
rElec   .          Harm     .   (no cloak)
rCorr   .          Rampage  .   i - +0 pair of gloves
Will    .....                   (no boots)
Stlth   +.........              (no amulet)
HPRegen 0.11/turn               d - +6 ring of intelligence
MPRegen 0.09/turn               (no ring)

@: lethally poisoned (0 -> -3)
A: no striking features
a: Renounce Religion, Fiery Armour, Foxfire Swarm, Rising Flame


You were on level 2 of the Dungeon.
You worshipped Ignis.
Ignis was extremely pleased with you.
You visited 1 branch of the dungeon, and saw 2 of its levels.

You collected 16 gold pieces.

Inventory:

Hand Weapons
 a - a -1 hand axe of flaming (weapon)
Armour
 b - a +0 robe (worn)
 i - a +0 pair of gloves (worn)
Jewellery
 d - a +6 ring of intelligence (left hand)
Potions
 c - a potion of brilliance {unknown}
 e - a potion of haste {unknown}
 g - a potion of invisibility {unknown}
 h - a potion of attraction {unknown}


   Skills:
 + Level 4.1 Fighting
 * Level 5.0 Axes
 - Level 1.0 Spellcasting
 - Level 3.2 Fire Magic


You had 4 spell levels left.
You didn't know any spells.
Your spell library contained the following spells:

 Spells                   Type           Power      Damage    Failure   Level
 Scorch                   Fire           28%        2d6       7%          2


Dungeon Overview and Level Annotations

Branches:
Dungeon (1/15)

Altars:


Message History

You feel sick.
You feel sick.
You feel sick.
You feel sick. The adder bites you but does no damage.
Activating: Foxfire Swarm
Press: ? - help, Dir - look around, f - activate Flames leap up around you!
You feel sick. The adder bites you.
* * * LOW HITPOINT WARNING * * *
You are lethally poisoned!
The adder poisons you!
Your foxfire dissipates!
* * * LOW HITPOINT WARNING * * *
You feel sick.
The foxfire hits the adder.
The adder is moderately wounded.
The foxfire hits the adder.
The adder is severely wounded.
The foxfire hits the adder.
The adder is almost dead.
The foxfire hits the adder.
You kill the adder!
Your Fighting skill increases to level 4!
Your Axes skill increases to level 5!
You have reached level 3!
Your experience leads to an increase in your attributes!
Your base attributes are Str 16, Int 14, Dex 6.
Increase (S)trength, (I)ntelligence, or (D)exterity?
You feel agile. x2
There is a lethal amount of poison in your body!
There is a lethal amount of poison in your body!
Okay, then.
* * * LOW HITPOINT WARNING * * *
You feel sick.
* * * LOW HITPOINT WARNING * * *
You feel sick.
Your foxfire dissipates! x7
* * * LOW HITPOINT WARNING * * *
You feel sick.
Your foxfire dissipates! x2
It was a potion of magic.
Magic courses through your body.
You die...

#. #####.## #.
#...#..## #.
#.##.#..# #.# #.
#.#.###.# #.#
#.###.#(#.## #.#
..#.###.#.## ###.#
#.#..#.##..#
...##.#.##.......#
#.... #.....@.##.#
#..#######.......#
#.....#.ยง..#######
#.###.#.####
#.###.#.# #.......#
######.## #.# #.#


There were no monsters in sight!

Vanquished Creatures
  2 adders (D:2)
  2 endoplasms
  A giant cockroach (D:1)
  A bat (D:1)
6 creatures vanquished.

Vanquished Creatures (others)
  24 foxfires (D:2)
24 creatures vanquished.

Grand Total: 30 creatures vanquished

Notes
Turn   | Place    | Note
-------+----------+-------------------------------------------
     0 | D:1      | jjjjhere the Hill Orc Cinder Acolyte began the quest for
                  | the Orb.
     0 | D:1      | Reached XP level 1. HP: 19/19 MP: 2/2
     6 | D:1      | Found a faded altar of an unknown god.
   327 | D:1      | You fall into a shaft and drop 1 floor!
   351 | D:2      | Reached XP level 2. HP: 11/27 MP: 3/3
   569 | D:2      | HP: 8/27 [poisoned by an adder]
   573 | D:2      | HP: 3/27 [poisoned by an adder]
   574 | D:2      | Reached skill level 5 in Axes
   574 | D:2      | Reached XP level 3. HP: 4/33 MP: 4/4
   576 | D:2      | HP: 1/33 [poisoned by an adder]
   577 | D:2      | Succumbed to an adder's poison

Illustrated notes

Levels and vault maps discovered:
D:1:      heliophobic_arrival_enchanted_forest, layout_rooms, serial_rivers,
          chequers_serial_rivers_small_b, chequers_serial_rivers_micro_e,
          chequers_serial_rivers_small_b, chequers_serial_rivers_room_a,
          chequers_serial_rivers_micro_c, ebering_ecumenical_altar_rust
D:2:      layout_loops_ring, minivault_19, minmay_misc_feat_secret_circle,
          minmay_tripent

Skill      XL: |  1  2 |
---------------+-------+-----
Fighting       | 4 |  4.1
Axes           | 5 |  5.0
Spellcasting   | |  1.0
Fire Magic     | |  3.2

Action                   || total
-------------------------++-------
Melee: Hand axe          ||    27
Invok: Foxfire Swarm     ||     2
  Use: Potion            ||     1
Armor: Robe              ||    10
Dodge: Dodged            ||    21
